 Dungeon Sprint DCSS version 0.29.1-12-g30fa7ad0bf (webtiles) character file.

Game seed: 11047346846989814919

133 boopmooplesden the Carver (level 4, -10/72 HPs)
             Began as a Minotaur Berserker on Dec 19, 2022.
             Was a Priest of Trog.
             Mangled by an ogre
             ... wielding a +0 giant club
              (17 damage)
             ... in the Dungeon (Sprint IX: "|||||||||||||||||||||||||||||").
             The game lasted 00:00:10 (124 turns).

boopmooplesden the Carver (Minotaur Berserker)       Turns: 124, Time: 00:00:10

Health: -10/72     AC:  2    Str: 23    XL:     4   Next: 93%
Magic:  3/3        EV: 13    Int:  4    God:    Trog [***...]
Gold:   0          SH:  0    Dex: 10    Spells: 3/3 levels left

rFire   . . .      SeeInvis .   a - +0 falchion
rCold   . . .      Faith    .   (no shield)
rNeg    . . .      Spirit   .   b - +0 animal skin
rPois   .          Reflect  .   (helmet restricted)
rElec   .          Harm     .   (no cloak)
rCorr   .          Rampage  .   (no gloves)
Will    .....      NoTele   +   (no boots)
Stlth   ..........              (no amulet)
HPRegen 0.22/turn               (no ring)
MPRegen 0.08/turn               (no ring)

@: berserking, very quick
A: horns 2, retaliatory headbutt
a: Renounce Religion, Berserk, Trog's Hand


You were in the Dungeon.
You worshipped Trog.
Trog was most pleased with you.
You visited 1 branch

Inventory:

Hand Weapons
 a - a +0 falchion (weapon)
Armour
 b - a +0 animal skin (worn)
Scrolls
 h - a scroll of blinking
Potions
 c - a potion of curing
 d - a potion of heal wounds
 e - a potion of haste
 f - 2 potions of magic
 g - a potion of berserk rage


   Skills:
 + Level 7.8 Fighting
 + Level 8.5 Long Blades
 + Level 4.2 Armour
 + Level 4.3 Dodging


You had 3 spell levels left.
You didn't know any spells.
Your spell library was empty.

Dungeon Overview and Level Annotations

Branches:
Dungeon (1/1)

Altars:


Innate Abilities, Weirdness & Mutations

You have a pair of horns on your head.
You reflexively headbutt those who attack you in melee.


Message History

You kill the howler monkey!
Trog accepts your kill.
Your Fighting skill gained 2 levels and is now at level 6!
Your Long Blades skill gained 2 levels and is now at level 6!
Your Armour skill increases to level 3!
Your Dodging skill increases to level 3!
You have reached level 2!
You have reached level 3!
Your experience leads to an increase in your attributes!
Increase (S)trength, (I)ntelligence, or (D)exterity?
You feel stronger. x2
The orc hits you with a +0 hand axe.
There is an open door, spattered with blood here.
You closely miss the orc. The orc hits you with a +0 hand axe.
You hit the orc.
The orc is severely wounded.
You slash the orc!
You kill the orc!
Trog accepts your kill.
You slash the ogre! Your headbutt misses the ogre.
The ogre is heavily wounded.
The ogre hits you with a +0 giant club!!
You slash the ogre! You headbutt the ogre.
You kill the ogre!
Trog accepts your kill.
Your Fighting skill increases to level 7!
Your Long Blades skill gained 2 levels and is now at level 8!
Your Armour skill increases to level 4!
Your Dodging skill increases to level 4!
You have reached level 4!
You feel agile.
The ogre hits you with a +0 giant club!!
* * * LOW HITPOINT WARNING * * *
Items here: )) [ ††.
You hit the ogre.
The ogre is lightly wounded.
You hit the ogre. You punch the ogre!
The ogre is heavily wounded.
The ogre hits you with a +0 giant club!
You die...

▓+▓
▓.▓
▓.▓
▓S▓
▓O▓
▓@▓
▓'▓
▓.▓
▓.▓
▓.▓
▓.▓
▓)▓
▓)▓
▓.▓


You could see an ogre and an adder.

Vanquished Creatures
  An ogre (D)
  A howler monkey (D)
  An orc (D)
  A giant cockroach (D)
  2 goblins (D)
  A ball python (D)
  A bat (D)
8 creatures vanquished.

Notes
Turn   | Place    | Note
-------+----------+-------------------------------------------
     0 | D        | boopmooplesden the Minotaur Berserker began the quest for
                  | the Orb.
     0 | D        | Reached XP level 1. HP: 19/19 MP: 0/0
     7 | D        | Reached skill level 4 in Long Blades
    11 | D        | Reached ** piety under Trog
   113 | D        | Noticed an ogre
   113 | D        | Noticed an ogre
   113 | D        | Noticed a howler monkey
   115 | D        | Killed a howler monkey
   116 | D        | Reached skill level 6 in Long Blades
   116 | D        | Reached XP level 2. HP: 30/30 MP: 1/1
   116 | D        | Reached XP level 3. HP: 37/37 MP: 2/2
   119 | D        | Reached *** piety under Trog
   121 | D        | Killed an ogre
   122 | D        | Reached skill level 8 in Long Blades
   122 | D        | Reached XP level 4. HP: 35/48 MP: 3/3
   124 | D        | Mangled by an ogre

Illustrated notes

Levels and vault maps discovered:
D:        linesprint [early_d, line_temple, items_1, d_10, items_2, lair_1,
          lair_end, items_3, orc_1, orc_end, items_4, d_15, swamp_1, shoals_1,
          snake_1, spider_1, d_20, vaults_1, items_5, swamp_end, shoals_end,
          snake_end, spider_end, vaults_end, d_27, items_6, zot_1, zot_end,
          crypt_end, forest_end, elf_end, slime_end, tomb_end, abyss_end,
          pan_hell_end]

Skill      XL: |  1  2  3 |
---------------+----------+-----
Fighting       | 6 7 |  7.8
Long Blades    | 6 8 |  8.5
Armour         | 3 4 |  4.2
Dodging        | 3 4 |  4.3

Action                   |  1- 3 |  4- 6 || total
-------------------------+-------+-------++-------
Melee: Falchion          |    16 |     2 ||    18
       Headbutt          |     2 |       ||     2
       Punch             |       |     1 ||     1
Invok: Berserk           |     1 |       ||     1
Armor: Animal skin       |     1 |       ||     1
Dodge: Dodged            |    10 |       ||    10
